 Dungeon Crawl Stone Soup version 0.28-a0-1560-g060a6a1bfc (webtiles) character file.

Game seed: 13985115183063047863

86 BritishOli the Slasher (level 4, -2/34 HPs)
             Began as a Demonspawn Gladiator on Jan 19, 2022.
             Slain by an orc (3 damage)
             ... on level 4 of the Dungeon.
             The game lasted 00:04:55 (2713 turns).

BritishOli the Slasher (Demonspawn Gladiator)       Turns: 2713, Time: 00:04:57

Health: -2/34      AC:  8    Str: 16    XL:     4   Next: 26%
Magic:  4/4        EV: 10    Int:  9    God:
Gold:   150        SH:  0    Dex: 15    Spells: 3/3 levels left

rFire   + . .      SeeInvis .   a - +0 long sword
rCold   . . .      Faith    .   (no shield)
rNeg    . . .      Spirit   .   i - +0 scale mail
rPois   .          Reflect  .   c - +0 helmet
rElec   .          Harm     .   o - +0 cloak
rCorr   .          Rampage  .   (no gloves)
Will    .....                   (no boots)
Stlth   ..........              (no amulet)
HPRegen 0.11/turn               l - ring of protection from fire
MPRegen 0.09/turn               (no ring)

@: no status effects
A: weakness stinger 1
a: no special abilities


You were on level 4 of the Dungeon.
You visited 1 branch of the dungeon, and saw 4 of its levels.

You collected 150 gold pieces.

Inventory:

Hand Weapons
 a - a +0 long sword (weapon)
Missiles
 d - 3 throwing nets (quivered)
Armour
 c - a +0 helmet (worn)
 i - a +0 scale mail (worn)
 o - a +0 cloak (worn)
Jewellery
 l - a ring of protection from fire (left hand)
Wands
 n - a wand of flame (25)
Scrolls
 b - a scroll of teleportation {unknown}
 e - 3 scrolls of magic mapping {unknown}
 f - a scroll of noise {unknown}
 g - 2 scrolls of identify {unknown}
 h - a scroll of fear {unknown}
 q - a scroll of enchant armour {unknown}
Potions
 j - a potion of might {unknown}
 m - a potion of curing {unknown}
 r - a potion of berserk rage {unknown}


   Skills:
 * Level 2.9 Fighting
 * Level 3.4 Long Blades
 - Level 2.0 Throwing
 + Level 1.0 Armour
 + Level 3.1 Dodging


You had 3 spell levels left.
You didn't know any spells.
Your spell library was empty.

Dungeon Overview and Level Annotations

Branches:
Dungeon (4/15)
 Temple: D:4-7

Altars:


Innate Abilities, Weirdness & Mutations

You have a small tail.


Message History

The orc priest hits you with a +0 mace.
The orc hits you with a +2 dagger of flaming.
The orc hits you but does no damage. The orc closely misses you.
You hit the orc priest.
Your tail-slap misses the orc priest.
The orc priest is moderately wounded.
The orc completely misses you. The orc priest hits you with a +0 mace.
The orc barely misses you. x2
Unknown command.
The orc hits you with a +2 dagger of flaming.
The orc priest barely misses you. The orc barely misses you. x2
You climb upwards.
There is a stone staircase leading down here.
The orc priest hits you but does no damage.
There is a stone staircase leading down here.
The orc hits you with a +0 club. x2
You climb downwards.
There is a stone staircase leading up here.
You closely miss the orc. The orc hits you but does no damage. x2
The orc misses you.
You closely miss the orc. The orc priest hits you with a +0 mace.
The orc hits you but does no damage. x2
You barely miss the orc priest.
The orc priest is moderately wounded.
The orc priest hits you with a +0 mace.
* * * LOW HITPOINT WARNING * * *
The orc barely misses you. x2
You barely miss the orc priest. You tail-slap the orc priest.
The orc priest is heavily wounded.
The orc priest hits you with a +0 mace.
* * * LOW HITPOINT WARNING * * *
The orc hits you but does no damage. The orc hits you with a +0 club.
* * * LOW HITPOINT WARNING * * *
The orc priest looks satisfied for a moment.
You barely miss the orc priest.
The orc priest is heavily wounded.
The orc closely misses you. The orc hits you with a +0 club.
* * * LOW HITPOINT WARNING * * *
The orc priest miscasts a cantrip.
The orc hits you with a +0 club.
You die...

# ####.
......###
.###..o#######
.......o@.....#
..###.#o#####.#
#.#.# # #.# ..#
... .... ##.


You could see an orc priest and 2 orcs.

Vanquished Creatures
  An adder (D:3)
  A worm (D:2)
  3 dart slugs (D:1)
  6 endoplasms
  3 giant cockroaches
  7 goblins
  6 hobgoblins
  6 jackals
  A quokka (D:1)
  5 ball pythons
  8 bats
  5 frilled lizards
  6 kobolds
  5 rats
63 creatures vanquished.

Notes
Turn   | Place    | Note
-------+----------+-------------------------------------------
     0 | D:1      | BritishOli the Demonspawn Gladiator began the quest for the
                  | Orb.
     0 | D:1      | Reached XP level 1. HP: 16/16 MP: 1/1
   296 | D:1      | Gained mutation: You have a small tail. [demonic ancestry]
   296 | D:1      | Reached XP level 2. HP: 22/22 MP: 2/2
   979 | D:1      | Reached XP level 3. HP: 28/28 MP: 3/3
  1275 | D:2      | Noticed a black bear
  1298 | D:2      | HP: 1/28 [black bear (4)]
  1650 | D:2      | Found a faded altar of an unknown god.
  2067 | D:3      | Reached skill level 1 in Armour
  2230 | D:3      | Reached XP level 4. HP: 31/34 MP: 4/4
  2712 | D:4      | HP: 1/34 [orc (2)]
  2713 | D:4      | Slain by an orc

Illustrated notes

Levels and vault maps discovered:
D:1:      minmay_arrival_solitary_statue, layout_basic
D:2:      kb_forest_paths, layout_basic, basic_ecumenical_altar
D:3:      layout_rooms
D:4:      black_bear_nest_1, layout_loops_ring, nicolae_ru_path_of_blood,
          lemuel_doored_altar, minmay_temple_entry_large_hall, bh_walls_and_bars

Skill      XL: |  1  2  3 |
---------------+----------+-----
Throwing       | 2 |  2.0
Long Blades    | 3 |  3.4
Dodging        | 3 |  3.1
Armour         | 1 |  1.0
Fighting       | |  2.9

Action                   |  1- 3 |  4- 6 || total
-------------------------+-------+-------++-------
Melee: Long sword        |   136 |    33 ||   169
       Punch             |     2 |     1 ||     3
       Tailslap          |    16 |     2 ||    18
Armor: Leather armour    |    34 |       ||    34
       Scale mail        |    19 |    15 ||    34
Dodge: Dodged            |    96 |    30 ||   126

Table legend: (Time is in decaauts)
 A = Elapsed time spent in this place.
 B = Non-inter-level travel time spent in this place.
 C = Inter-level travel time spent in this place.
 D = Time resting spent in this place.
 E = Time spent auto-exploring this place.
 F = Levels seen in this place.
 G = Mean time per level.
                   A        B        C        D        E       F      G
               +--------+--------+--------+--------+--------+-----+--------+
         Total |   2756 |   2707 |     49 |    438 |   1782 |   4 |  689.0 |
       Dungeon |   2756 |   2707 |     49 |    438 |   1782 |   4 |  689.0 |
               +--------+--------+--------+--------+--------+-----+--------+

Top non-repeatable levels by time:
     D:1: 1564 daAuts
     D:3: 650 daAuts
     D:2: 526 daAuts
     D:4: 14 daAuts
